 Dungeon Crawl Stone Soup version 0.28-a0-691-gad6df49e81 (webtiles) character file.

Game seed: 2604380658554108600

0 spiderkeys the Skirmisher (level 1, -2/22 HPs)
             Began as a Troll Abyssal Knight on Oct 21, 2021.
             Was a Follower of Lugonu.
             Slain by a sixfirhy (9 damage)
             ... on level 2 of the Abyss.
             The game lasted 00:00:33 (194 turns).

spiderkeys the Skirmisher (Troll Abyssal Knight)     Turns: 194, Time: 00:00:34

Health: -2/22      AC:  4    Str: 20    XL:     1   Next: 0%
Magic:  1/1        EV: 10    Int:  6    God:    Lugonu [*.....]
Gold:   31         SH:  0    Dex: 10    Spells: 0/0 levels left

rFire   . . .      SeeInvis .     - Unarmed
rCold   . . .      Faith    .   (no shield)
rNeg    . . .      Spirit   .   a - +0 robe
rPois   .          Reflect  .   (helmet restricted)
rElec   .          Harm     .   (no cloak)
rCorr   .          Rampage  .   (gloves unavailable)
Will    .....                   (boots unavailable)
Stlth   +.........              (no amulet)
HPRegen 1.07/turn               (no ring)
MPRegen 0.07/turn               (no ring)

@: no status effects
A: large, unfitting armour, claws 3, regeneration 1, shaggy fur 1, tough skin 1
a: Renounce Religion, Depart the Abyss


You were on level 2 of the Abyss.
You worshipped Lugonu.
Lugonu was aware of your devotion.
You visited 0 branches of the dungeon, and saw 0 of its levels.
You visited the Abyss 1 time.

You collected 31 gold pieces.


Innate Abilities, Weirdness & Mutations

You are too large for most types of armour.
You have claws for hands.
Your natural rate of healing is unusually fast.
You are covered in fur. (AC +1)
You have tough skin. (AC +1)


   Skills:
 + Level 2.4 Fighting
 + Level 1.9 Dodging
 + Level 2.0 Unarmed Combat
 + Level 1.5 Invocations


You couldn't memorise any spells.
You didn't know any spells.
Your spell library was empty.

Inventory:

Missiles
 b - 17 arrows
 c - 12 stones
 f - 22 sling bullets
Armour
 a - a +0 robe (worn)
Scrolls
 d - a scroll of identify {unknown}

Dungeon Overview and Level Annotations

Branches:
Dungeon (0/15)

Altars:

# ... ## #.... ..
####.....# . ##
#.@3....(# .
.##.#..#..... ##
#....#..# .#. ###
###..#..$# #
###...##.#.#
......###..###.#..
# ###.##X.#..##..
X ##.. ......##.
.# .## ...##.#


You could see a sixfirhy.


Message History

🤖 Initializing magus.rc ... ✅ Successfully initialized magus.rc [v1.9.10] Welcome, spiderkeys the Troll Abyssal Knight.
The terrific Orb of Zot lies far below, as if waiting for you to find it.
Lugonu says: Depart the Abyss and spread corruption, my servant! (use the ability menu to exit the Abyss) Press ? for a list of commands and other information.
Found two corrupted altars of Lugonu.
b - 17 arrows You are suddenly pulled into a different region of the Abyss!
You see here a +0 spear.
c - 12 stones You see here a +0 spear.
Found a gateway leading deeper into the Abyss.
There is a gateway leading deeper into the Abyss here.
You plunge deeper into the Abyss.
You now have 31 gold pieces.
Found a blossoming altar of Fedhas.
d - a scroll labelled MYUWOC JAGG
e - 4 atropa-tipped darts Throw: 4 darts (atropa)
Press: ? - help, Shift-Dir - straight line, f - tentacled starspawn
Aim: a tentacled starspawn (translocational energy, 76% to hit, immune)
You throw an atropa-tipped dart.
The atropa-tipped dart hits the tentacled starspawn.
The tentacled starspawn is unaffected.
Tentacles burst from the starspawn's body! 2 starspawn tentacles come into view.
The starspawn tentacle grabs you.
The starspawn tentacle constricts you. 😕 HP[-1]
You take 1 damage, and now have 21/22 hp.
You escape the starspawn tentacle's grasp. 😎 HP[+1]
Your hp is fully restored (22).
f - 22 sling bullets Tentacles burst from the starspawn's body! 2 starspawn tentacles come into view.
Why would you want to do that?
A spatial vortex comes into view.
A tentacle flies out from the starspawn's body!
A starspawn tentacle comes into view.
A sixfirhy comes into view.
Throw: 3 darts (atropa)
Press: ? - help, Shift-Dir - straight line, f - sixfirhy
Aim: a sixfirhy (14% to hit, chance to blind on hit: 3%)
You throw an atropa-tipped dart.
The atropa-tipped dart closely misses the sixfirhy.
Throw: 2 darts (atropa)
Press: ? - help, Shift-Dir - straight line, f/p - sixfirhy
Aim: a sixfirhy (14% to hit, chance to blind on hit: 3%)
You throw an atropa-tipped dart.
The atropa-tipped dart closely misses the sixfirhy.
The sixfirhy hits you. The sixfirhy shocks you!
Ouch! That really hurt!
* * * LOW HITPOINT WARNING * * *
😨 HP[-16]
You take 16 damage, and now have 6/22 hp.
MASSIVE DAMAGE!! (PAUSE) Throw: dart (atropa)
Press: ? - help, Shift-Dir - straight line, f/p - sixfirhy
Aim: a sixfirhy (14% to hit, chance to blind on hit: 3%)
You throw an atropa-tipped dart.
The atropa-tipped dart closely misses the sixfirhy.
The sixfirhy closely misses you.
The sixfirhy hits you but does no damage.
The sixfirhy hits you!
You die...

Action                   || total
-------------------------++-------
Throw: Dart              ||     4
Armor: Robe              ||     1
Dodge: Dodged            ||     1

Levels and vault maps discovered:
Abyss:2:  base: Temple, guppyfry_abyss_exit_glass_guarded, minivault_26

Notes
Turn   | Place    | Note
-------+----------+-------------------------------------------
     0 | Abyss:1  | spiderkeys the Troll Abyssal Knight began the quest for the
                  | Orb.
     0 | Abyss:1  | Reached XP level 1. HP: 22/22 MP: 1/1
     0 | Abyss:1  | magus.rc [v1.9.10]
   125 | Abyss:2  | Found a blossoming altar of Fedhas.
   140 | Abyss:2  | Noticed a tentacled starspawn
   179 | Abyss:2  | Noticed a spatial vortex
   190 | Abyss:2  | Noticed a sixfirhy
   194 | Abyss:2  | Slain by a sixfirhy

Vanquished Creatures (others)
  6 starspawn tentacles (Abyss:2)
6 creatures vanquished.

Table legend:
 A = Non-vault XP
 B = Vault XP
 C = Vault XP percentage of total XP
 D = Non-vault monster count
 E = Vault monster count
 F = Vault count percentage of total count
                 A         B        C        D         E       F
            +---------+---------+-------+---------+---------+-------
      Total |       0 |       0 |   N/A |       0 |       0 |  -nan
            +---------+---------+-------+---------+---------+-------
            +---------+---------+-------+---------+---------+-------

Illustrated notes

Table legend: (Time is in decaauts)
 A = Elapsed time spent in this place.
 B = Non-inter-level travel time spent in this place.
 C = Inter-level travel time spent in this place.
 D = Time resting spent in this place.
 E = Time spent auto-exploring this place.
 F = Levels seen in this place.
 G = Mean time per level.
                   A        B        C        D        E       F      G
               +--------+--------+--------+--------+--------+-----+--------+
         Total |    193 |    193 |      0 |      0 |    118 |   2 |   96.5 |
         Abyss |    193 |    193 |      0 |      0 |    118 |   2 |   96.5 |
               +--------+--------+--------+--------+--------+-----+--------+

Top non-repeatable levels by time:
 Abyss:1: 105 daAuts
 Abyss:2: 88 daAuts
